Map: Thunderbird LE

Players

San - Winner!

  • Race: Protoss Protoss
  • League: Platinum
  • Spawn Location: 11:00

Woah

  • Race: Terran Terran
  • Spawn Location: 5:00

VOD

Have the link to the VOD?

Description

Time

  • Played on: June 11, 2019, 8:18 p.m.
  • Length: 11:50
Show
View Real Time Build Order
Export as new Build Order

San Protoss - Winner!

Build Orders:  

Get SALT Encoding   

  12  0:01  Probe  
  13  0:13  Probe  
  14  0:17  Pylon  
  14  0:25  Probe  
  15  0:35  Forge  
  15  0:40  Probe  
  15  0:48  Probe  
  16  0:55  Gateway  
  17  1:06  Pylon  
  17  1:13  Probe  
  18  1:25  Probe  
  19  1:28  Photon Cannon  
  19  1:37  Photon Cannon  
  19  1:45  Probe  
  20  1:52  Pylon  
  20  1:57  Probe  
  21  2:06  Pylon  
  21  2:10  Pylon x2  
  21  2:16  Pylon  
  21  2:29  Photon Cannon  
  21  2:31  Photon Cannon  
  21  2:41  Photon Cannon  
  21  2:46  Photon Cannon  
  21  2:55  Pylon  
  21  2:58  Probe  
  22  3:05  Pylon  
  22  3:10  Probe  
  23  3:15  Cybernetics Core  
  23  3:17  Assimilator  
  21  3:41  Probe  
  22  3:54  Nexus  
  22  3:57  Pylon  
  22  4:00  Assimilator  
  22  4:05  Probe  
  23  4:13  Probe  
  23  4:15  Pylon  
  23  4:21  Pylon  
  23  4:32  Probe  
  23  4:36  Zealot  
  26  4:44  Twilight Council, Probe  
  27  4:51  Warp Gate, Robotics Facility  
  27  4:56  Probe  
  28  5:08  Probe  
  28  5:11  Probe  
  28  5:13  Charge  
  29  5:16  Photon Cannon  
  29  5:18  Shield Battery  
  29  5:19  Probe  
  29  5:21  Probe  
  32  5:32  Zealot  
  34  5:37  Gateway  
  34  5:50  Immortal  
  38  6:02  Probe x2  
  40  6:05  Shield Battery  
  40  6:09  Sentry  
  42  6:14  Probe x2  
  44  6:21  Pylon  
  44  6:26  Photon Cannon, Pylon  
  44  6:31  Assimilator, Probe x2  
  46  6:40  Observer  
  46  6:43  Stalker, Probe  
  50  6:52  Probe  
  51  6:55  Probe  
  51  6:57  Warp Prism  
  52  7:04  Probe  
  52  7:08  Probe  
  56  7:18  Nexus  
  56  7:25  Stalker x2  
  60  7:36  Robotics Bay, Gateway  
  60  7:40  Gateway  
  60  7:42  Probe  
  60  7:43  Blink  
  61  7:46  Probe  
  61  7:54  Probe  
  61  7:55  Protoss Ground Weapons Level 1  
  61  7:58  Pylon  
  62  8:02  Pylon  
  62  8:03  Probe  
  63  8:07  Probe  
  63  8:09  Stalker  
  66  8:17  Immortal  
  70  8:21  Probe x2  
  72  8:32  Pylon  
  72  8:45  Probe x3  
  72  8:47  Stalker x4, Assimilator  
  83  8:53  Assimilator  
  83  8:57  Probe  
  84  9:05  Probe  
  84  9:06  Probe  
  84  9:09  Assimilator, Probe  
  87  9:11  Colossus  
  93  9:17  Sentry x2  
  93  9:21  Gateway  
  97  9:28  Robotics Facility  
  97  9:36  Probe x3  
  100  9:40  Stalker x2  
  100  9:41  Stalker x2  
  108  9:55  Pylon  
  108  10:00  Pylon  
  108  10:05  Gateway  
  108  10:10  Gateway  
  108  10:11  Gateway  
  108  10:12  Stalker  
  108  10:13  Stalker x3  
  106  10:31  Colossus x2  
  118  10:42  Zealot  
  118  10:43  Zealot x4  
  128  11:03  Zealot  
  128  11:04  Zealot x3  
  120  11:20  Stalker  
Show
View Real Time Build Order
Export as new Build Order

Woah Terran 

Build Orders:  

Get SALT Encoding   

  12  0:01  SCV  
  13  0:13  SCV  
  14  0:17  Supply Depot  
  14  0:25  SCV  
  15  0:38  SCV  
  15  0:40  Barracks  
  16  0:45  Refinery  
  16  0:50  SCV  
  17  1:08  SCV  
  18  1:27  Orbital Command  
  18  1:43  Bunker  
  18  1:45  Refinery  
  18  1:48  Barracks Tech Lab  
  18  1:51  Barracks  
  18  2:00  Supply Depot  
  17  2:09  Marauder  
  19  2:30  Marauder  
  21  3:18  Marauder  
  23  3:41  Engineering Bay  
  23  3:51  Supply Depot x2  
  23  3:53  Factory  
  23  4:12  SCV, Marine  
  25  4:17  Command Center  
  25  4:30  Missile Turret  
  25  4:34  Missile Turret  
  25  4:39  SCV  
  26  4:51  SCV  
  27  4:52  Barracks Reactor  
  27  5:03  SCV  
  28  5:09  Starport  
  28  5:15  Marine  
  28  5:17  Factory Tech Lab  
  29  5:28  Command Center  
  29  5:33  SCV, Marine  
  31  5:41  Supply Depot  
  31  5:51  SCV  
  33  5:57  Raven  
  34  6:08  SCV  
  35  6:12  Orbital Command  
  37  6:18  Marauder  
  37  6:20  SCV  
  38  6:26  Terran Infantry Weapons Level 1  
  38  6:32  SCV  
  39  6:36  Bunker  
  39  6:40  SCV  
  39  6:44  SCV  
  41  6:47  Orbital Command  
  41  6:52  SCV  
  42  6:55  Factory Reactor  
  42  6:57  SCV  
  42  7:00  Medivac  
  45  7:05  SCV  
  45  7:06  Medivac  
  48  7:09  SCV, Supply Depot  
  49  7:16  SCV  
  49  7:17  SCV  
  49  7:21  SCV, Stimpack  
  52  7:24  Orbital Command  
  52  7:25  Refinery  
  52  7:27  Refinery  
  52  7:32  Concussive Shells  
  52  7:36  SCV x2  
  54  7:43  Barracks  
  54  7:44  Liberator  
  54  7:46  Barracks  
  54  7:48  SCV, Barracks  
  55  7:58  Engineering Bay  
  55  8:05  Marauder x2  
  62  8:20  SCV x3  
  62  8:26  Supply Depot, Marine  
  66  8:28  Marauder  
  66  8:32  SCV x2  
  66  8:33  SCV  
  71  8:44  SCV  
  71  8:47  Marauder, Barracks Reactor, Barracks Tech Lab  
  71  8:48  Barracks Reactor  
  74  8:49  Marauder, Supply Depot  
  74  8:53  SCV x2  
  74  8:54  Barracks  
  78  9:10  SCV  
  78  9:12  SCV x2  
  78  9:13  Missile Turret  
  78  9:16  Missile Turret  
  81  9:21  Terran Infantry Armor Level 1  
  81  9:22  Missile Turret  
  81  9:25  Combat Shield  
  81  9:26  Armory  
  81  9:30  Missile Turret x2  
  83  9:32  Marine  
  83  9:35  Marauder, Marine x2  
  83  9:37  SCV  
  87  9:44  Marauder x2  
  91  9:47  Barracks Reactor  
  91  9:50  Supply Depot  
  91  10:04  Marine  
  91  10:05  Marine x6  
  98  10:12  Supply Depot  
  98  10:22  Marine x5  
  98  10:23  SCV x3, Supply Depot, Marine x2  
  98  10:24  Supply Depot  
  100  10:35  SCV x3  
  74  10:36  Liberator x2  
  74  10:40  Marine x3  
  74  10:41  Marauder, Marine x5  
  86  10:45  Bunker x2  
  86  10:47  SCV  
  86  10:48  SCV  
  88  10:52  Bunker  
  88  10:58  Marine x3  
  88  11:00  Marauder x2  
  88  11:02  Marauder  
  73  11:23  Marauder, Marine x2  
  73  11:24  Marauder  
  73  11:25  Marine x2  
  66  11:26  Marauder  
Tags
 
League
Platinum
Matchup
PvT
Replay Pack
r1
Spawn Locations
Cross Positions
Add a new tag
Caveats
  • Supply blocks, unpowered buildings, or Contaminate may cause inaccurate times.
  • Supply counts are checked every 10 seconds.